AoeStats
← PUNISHER

Migration

506902281Analyzed
1v1 RM · 16d ago on Sep 15, 2026· 40m 18s· 2 players
Game mode
Random Map
Map size
132×132
Population
200
Speed
Normal
Resources
Standard
Victory
Conquest
Starting age
Dark Age
Ending age
Imperial Age
RankedLock teamsTeams togetherTeam positionsShared explorationLock speedFull tech treeHidden civsTurbo modeCheats
Victory
Defeat
🇹🇷 Vikings · Türkiye
829
+17
🇦🇷 Koreans · Argentina
851
-17
PUNISHER
4:48 Loom
11:45 Feudal Age
12:52 Town Watch
14:30 Fishing Lines
20:35 Forging
20:37 Double-Bit Axe
21:51 Arson
26:22 Castle Age
27:57 Fletching
28:08 Padded Archer Armor
28:46 Iron Casting
28:16 Town Patrol
27:43 Crossbowman
29:26 Chieftains
29:39 Bodkin Arrow
31:52 Bow Saw
33:07 Murder Holes
32:53 Treadmill Crane
33:34 Ballistics
35:57 Clinker Construction
36:00 Careening
35:42 Heated Shot
39:23 Masonry
egrandis
13:17 Feudal Age
14:11 Loom
14:36 Double-Bit Axe
19:56 Stone Mining
19:57 Gold Mining
19:51 Horse Collar
22:49 Castle Age
21:30 Fletching
21:41 Town Watch
25:00 Bodkin Arrow
29:17 Wheelbarrow
29:35 Town Patrol
37:00 Imperial Age
35:59 Hand Cart
Connection lost

Rejoining the realm…

Still unreachable

The connection could not be restored.

Session expired

The server has moved on; the page needs a fresh start.